Golden Knights vs Maple Leafs

Created - 6 novembre 2017 at 15:55

Goals
1 2 3 OT1 SO T
Golden Knights 0 0 0 0 1 0
Maple Leafs 0 0 0 0 2 1
Shots
1 2 3 OT1 SO T
Golden Knights 7 4 4 2 4 17
Maple Leafs 14 10 8 2 4 34

1st period

No Goal

Penalties :
Matt Carle (GOL) for Hooking (Minor) at 4:06, Shawn Weller (TOR) for Slashing (Minor) at 8:37, Kevin Bieksa (TOR) for High sticking (Minor) at 15:31, Zdeno Chara (GOL) for High sticking (Minor) at 18:43

2nd period

No Goal

Penalties :
Matt Carle (GOL) for Hooking (Minor) at 5:34, Kevin Bieksa (TOR) for Slashing (Minor) at 10:21

3rd period

No Goal

Penalties :
No Penalty

Overtime #1

No Goal

Penalties :
No Penalty

Shootout

Penalty Shot by Niklas Hagman for Golden Knights - Stopped by Corey Crawford
Penalty Shot by Nazem Kadri for Maple Leafs - Goal!
Penalty Shot by Joffrey Lupul for Golden Knights - Stopped by Corey Crawford
Penalty Shot by Michael Grabner for Maple Leafs - Stopped by Brian Eklund
Penalty Shot by David Perron for Golden Knights - Goal!
Penalty Shot by Brandon Yip for Maple Leafs - Stopped by Brian Eklund
Penalty Shot by Ville Leino for Golden Knights - Stopped by Corey Crawford
Penalty Shot by Ryan O'Reilly for Maple Leafs - Goal!

Penalties :
No Penalty

Goalie Stats

Brian Eklund (GOL), 34 saves from 34 shots - (1,000), OTL, 4-3-6, 65:00 minutes
Corey Crawford (TOR), 17 saves from 17 shots - (1,000), W, 5-5-1, 65:00 minutes

Players Stats for Golden Knights

Player Name              G  A  P  +/- PIM S  H  SB GA TA FO     MP     PP MP  PK MP  
------------------------------------------------------------------------------------
Barret Jackman           0  0  0   0  0   0  2  0  0  0  0/0    19:12   0:00   2:36 
David Perron             0  0  0   0  0   1  0  0  0  0  1/1    16:32   0:00   2:07 
Dennis Everberg          0  0  0   0  0   0  1  0  0  0  1/5     3:36   0:00   0:00 
Jay Harrison             0  0  0   0  0   0  4  3  0  0  0/0    17:08   3:06   1:23 
Joffrey Lupul            0  0  0   0  0   0  6  0  0  0  1/3    22:04   3:38   0:16 
John McCarthy            0  0  0   0  0   0  0  0  0  0  0/0     3:36   0:00   0:00 
Josh Gorges              0  0  0   0  0   2  1  3  0  0  0/0    26:23   3:06   2:34 
Kyle Beach               0  0  0   0  0   3  0  0  0  0  1/1    17:31   2:19   0:00 
Linus Omark              0  0  0   0  0   1  1  0  0  0  0/0    13:00   0:00   0:00 
Matt Carle               0  0  0   0  4   0  0  0  0  0  0/0    21:35   2:51   0:00 
Matt Ellison             0  0  0   0  0   2  0  0  0  0  8/21   19:06   2:19   0:00 
Mike Weaver              0  0  0   0  0   0  0  2  0  0  0/0    15:00   0:00   3:06 
Niklas Hagman            0  0  0   0  0   0  0  0  0  0  3/4    25:09   3:38   3:19 
Patrick Cehlin           0  0  0   0  0   0  0  0  0  0  0/0     3:36   0:00   0:00 
Ryan Russell             0  0  0   0  0   3  1  0  0  0  4/20   17:59   0:00   3:34 
Viktor Tikhonov          0  0  0   0  0   2  5  0  0  0  0/0    19:20   2:19   1:49 
Ville Leino              0  0  0   0  0   2  0  0  0  0  12/30  22:34   3:38   0:49 
Zdeno Chara              0  0  0   0  2   1  4  1  0  0  0/0    25:39   2:51   2:15 

Players Stats for Maple Leafs

Player Name              G  A  P  +/- PIM S  H  SB GA TA FO     MP     PP MP  PK MP  
------------------------------------------------------------------------------------
Brandon Rogers           0  0  0   0  0   0  3  1  0  0  0/0    19:30   3:08   0:23 
Brandon Yip              0  0  0   0  0   1  1  0  0  0  1/1     9:30   2:54   0:00 
Chris Phillips           0  0  0   0  0   1  1  0  0  0  0/0    20:56   0:00   3:57 
Kevin Bieksa             0  0  0   0  4   2  4  1  0  0  0/0    22:35   3:08   0:46 
Michael Del Zotto        0  0  0   0  0   2  4  0  0  0  0/0    19:43   0:00   3:26 
Michael Grabner          0  0  0   0  0   2  0  0  0  0  2/3    20:39   2:49   1:15 
Nazem Kadri              0  0  0   0  0   4  0  0  0  0  12/22  20:32   3:08   3:02 
Oleg Kvasha              0  0  0   0  0   0  0  0  0  0  0/1     8:59   0:00   2:23 
Pierre-Marc Bouchard     0  0  0   0  0   3  0  0  0  0  5/9    19:16   3:08   1:02 
Riley Armstrong          0  0  0   0  0   2  2  0  0  0  1/1    17:58   1:45   0:00 
Roman Josi               0  0  0   0  0   1  2  4  0  0  0/0    23:35   2:49   3:22 
Ryan O'Reilly            0  0  0   0  0   6  2  0  0  0  20/26  21:49   2:49   2:23 
Shawn Weller             0  0  0   0  2   2  4  0  0  0  0/2    17:11   0:00   1:49 
Tanner Pearson           0  0  0   0  0   2  0  0  0  0  0/1    14:22   0:00   0:00 
Tom Walsh                0  0  0   0  0   2  0  1  0  0  0/0    18:39   2:49   0:00 
Vincent Trocheck         0  0  0   0  0   2  0  0  0  0  10/14  12:44   0:00   0:00 
William Nylander         0  0  0   0  0   2  0  1  0  0  0/0    14:02   1:18   0:00 
Zach Dalpe               0  0  0   0  0   0  2  0  0  0  3/5     7:00   0:00   0:00 

3 Stars

1 - Brian Eklund (GOL)
2 - Corey Crawford (TOR)
3 - Joffrey Lupul (GOL)

Power Play

Golden Knights - 0 on 3 Attempt(s) - 0,00%
Maple Leafs - 0 on 3 Attempt(s) - 0,00%

Penalty Kill

Golden Knights - 3 on 3 Attempt(s) - 100,00% - Score 0 goal in Penalty Kill
Maple Leafs - 3 on 3 Attempt(s) - 100,00% - Score 0 goal in Penalty Kill

Team Stat

Golden Knights - Hits : 25 - Faceoff Wins : 31 - Blocked Shots : 9 - Penalty Minutes : 6
Maple Leafs - Hits : 25 - Faceoff Wins : 54 - Blocked Shots : 8 - Penalty Minutes : 6

Official

Referees : Mike Hasenfratz and Rob Martell
Linesman : Andrew Stammers and Justin Prusak

Game Notes

No Game Note

Finance

Level 1 -- Attendance: 5206 (80,09%) -- Ticket Income 624 720 $
Level 2 -- Attendance: 4709 (85,62%) -- Ticket Income 353 175 $
Level 3 -- Attendance: 1796 (71,84%) -- Ticket Income 89 800 $
Level 4 -- Attendance: 3200 (71,11%) -- Ticket Income 112 000 $
Luxury Box -- Attendance: 1637 (72,76%) -- Ticket Income 327 400 $
Game was played at the Air Canada Centre.
Total Attendance: 16548 (77,87%)
Total Ticket Income: 1 507 095 $
Other Income: 738 477 $
Total Income: 2 245 572 $

Golden Knights

5 vs 5 Forward 
   Center                   Left Wing                Right Wing               Time % Phy DF OF 
 1 Ville Leino              Niklas Hagman            Joffrey Lupul            35     0   3  2  
 2 Matt Ellison             Viktor Tikhonov          Kyle Beach               35     0   3  2  
 3 Ryan Russell             David Perron             Linus Omark              30     0   3  2  
 4 Dennis Everberg          John McCarthy            Patrick Cehlin           0      0   3  2  

5 vs 5 Defense 
   Defense                  Defense                                           Time % Phy DF OF 
 1 Zdeno Chara              Josh Gorges                                       32     1   3  1  
 2 Matt Carle               Barret Jackman                                    32     1   3  1  
 3 Mike Weaver              Jay Harrison                                      20     1   4  0  
 4 Zdeno Chara              Josh Gorges                                       16     1   4  0  

PowerPlay Forward 
   Center                   Left Wing                Right Wing               Time % Phy DF OF 
 1 Ville Leino              Niklas Hagman            Joffrey Lupul            60     0   0  5  
 2 Matt Ellison             Viktor Tikhonov          Kyle Beach               40     0   0  5  

PowerPlay Defense
   Defense                  Defense                                           Time % Phy DF OF 
 1 Zdeno Chara              Matt Carle                                        60     0   1  4  
 2 Jay Harrison             Josh Gorges                                       40     0   1  4  

Penalty Kill 4 Players Forward 
   Center                   Wing                     Time % Phy DF OF 
 1 Ryan Russell             Niklas Hagman            60     0   5  0  
 2 Viktor Tikhonov          David Perron             40     0   5  0  

Penalty Kill 4 Players Defense
   Defense                  Defense                  Time % Phy DF OF 
 1 Josh Gorges              Barret Jackman           60     1   4  0  
 2 Zdeno Chara              Mike Weaver              40     1   4  0  

Penalty Kill - 3 Players Forward 
   Forward                                           Time % Phy DF OF 
 1 Ryan Russell                                      60     0   5  0  
 2 Viktor Tikhonov                                   40     0   5  0  

Penalty Kill - 3 Players Defense
   Defense                  Defense                  Time % Phy DF OF 
 1 Josh Gorges              Barret Jackman           60     1   4  0  
 2 Zdeno Chara              Mike Weaver              40     1   4  0  

4 vs 4 Forward 
   Center                   Wing                     Time % Phy DF OF 
 1 Ville Leino              Joffrey Lupul            60     0   3  2  
 2 Matt Ellison             Kyle Beach               40     0   3  2  

4 vs 4 Defense
   Defense                  Defense                  Time % Phy DF OF 
 1 Zdeno Chara              Josh Gorges              60     1   3  1  
 2 Matt Carle               Barret Jackman           40     1   3  1  

Last Minutes Offensive
   Center                   Left Wing                Right Wing               Defense                  Defense                  
   Ville Leino              Niklas Hagman            Joffrey Lupul            Zdeno Chara              Matt Carle               

Last Minutes Defensive
   Center                   Left Wing                Right Wing               Defense                  Defense                  
   Ryan Russell             Viktor Tikhonov          Niklas Hagman            Josh Gorges              Barret Jackman           

Goaltenders
Starting : Brian Eklund             
Backup : Thomas McCollum          

Extra Forwards
Normal : Ryan Russell, David Perron, Joffrey Lupul - PP : Ryan Russell, David Perron - PK : Ville Leino
Extra Defensemen
Normal : Jay Harrison, Mike Weaver, Barret Jackman - PP : Josh Gorges - PK : Zdeno Chara, Jay Harrison
Penalty Shots
Niklas Hagman, Joffrey Lupul, David Perron, Ville Leino, Matt Ellison
Custom OT Lines Forwards
Ville Leino, Niklas Hagman, Joffrey Lupul, Matt Ellison, Ryan Russell, David Perron, Linus Omark, Viktor Tikhonov, Kyle Beach, 
Custom OT Lines Defensemen
Zdeno Chara, Josh Gorges, Matt Carle, Jay Harrison, Barret Jackman

Scratches
Ben Walter (Healthy), Dan Fritsche (Healthy), Josef Boumedienne (Healthy)

Maple Leafs

5 vs 5 Forward 
   Center                   Left Wing                Right Wing               Time % Phy DF OF 
 1 Ryan O'Reilly            Riley Armstrong          Michael Grabner          29     1   2  2  
 2 Nazem Kadri              Shawn Weller             Tanner Pearson           29     1   2  2  
 3 Vincent Trocheck         Pierre-Marc Bouchard     William Nylander         26     1   2  2  
 4 Zach Dalpe               Brandon Yip              Oleg Kvasha              16     1   3  1  

5 vs 5 Defense 
   Defense                  Defense                                           Time % Phy DF OF 
 1 Kevin Bieksa             Tom Walsh                                         34     1   2  2  
 2 Michael Del Zotto        Chris Phillips                                    33     1   2  2  
 3 Roman Josi               Brandon Rogers                                    33     1   2  2  
 4 Kevin Bieksa             Michael Del Zotto                                 0      1   2  2  

PowerPlay Forward 
   Center                   Left Wing                Right Wing               Time % Phy DF OF 
 1 Ryan O'Reilly            Michael Grabner          Brandon Yip              50     1   0  4  
 2 Pierre-Marc Bouchard     Riley Armstrong          Nazem Kadri              50     1   0  4  

PowerPlay Defense
   Defense                  Defense                                           Time % Phy DF OF 
 1 Brandon Rogers           Kevin Bieksa                                      50     1   1  3  
 2 Roman Josi               Tom Walsh                                         50     1   1  3  

Penalty Kill 4 Players Forward 
   Center                   Wing                     Time % Phy DF OF 
 1 Nazem Kadri              Shawn Weller             60     1   3  1  
 2 Ryan O'Reilly            Oleg Kvasha              40     1   3  1  

Penalty Kill 4 Players Defense
   Defense                  Defense                  Time % Phy DF OF 
 1 Michael Del Zotto        Kevin Bieksa             50     1   4  0  
 2 Chris Phillips           Roman Josi               50     1   4  0  

Penalty Kill - 3 Players Forward 
   Forward                                           Time % Phy DF OF 
 1 Zach Dalpe                                        60     1   2  2  
 2 William Nylander                                  40     1   2  2  

Penalty Kill - 3 Players Defense
   Defense                  Defense                  Time % Phy DF OF 
 1 Michael Del Zotto        Kevin Bieksa             60     1   2  2  
 2 Roman Josi               Chris Phillips           40     1   2  2  

4 vs 4 Forward 
   Center                   Wing                     Time % Phy DF OF 
 1 Ryan O'Reilly            Michael Grabner          60     1   2  2  
 2 Zach Dalpe               Pierre-Marc Bouchard     40     1   2  2  

4 vs 4 Defense
   Defense                  Defense                  Time % Phy DF OF 
 1 Kevin Bieksa             Michael Del Zotto        50     1   2  2  
 2 Brandon Rogers           Roman Josi               50     1   2  2  

Last Minutes Offensive
   Center                   Left Wing                Right Wing               Defense                  Defense                  
   Ryan O'Reilly            Brandon Yip              Michael Grabner          Brandon Rogers           Roman Josi               

Last Minutes Defensive
   Center                   Left Wing                Right Wing               Defense                  Defense                  
   Ryan O'Reilly            Michael Grabner          Pierre-Marc Bouchard     Kevin Bieksa             Michael Del Zotto        

Goaltenders
Starting : Corey Crawford           
Backup : Robert Esche             

Extra Forwards
Normal : Brandon Yip, Michael Grabner, Ryan O'Reilly - PP : Michael Grabner, Brandon Yip - PK : Michael Grabner
Extra Defensemen
Normal : Michael Del Zotto, Kevin Bieksa, Roman Josi - PP : Michael Del Zotto - PK : Chris Phillips, Kevin Bieksa
Penalty Shots
Nazem Kadri, Michael Grabner, Brandon Yip, Ryan O'Reilly, Riley Armstrong
Custom OT Lines Forwards
Pierre-Marc Bouchard, Ryan O'Reilly, Michael Grabner, Riley Armstrong, Shawn Weller, Zach Dalpe, William Nylander, Nazem Kadri, Oleg Kvasha, Brandon Yip
Custom OT Lines Defensemen
Kevin Bieksa, Roman Josi, Chris Phillips, Michael Del Zotto, Brandon Rogers

Scratches
None


% Time on Ice - Golden Knights

Lines # - Real PCT - Wanted PCT - Time Play
Normal Forward
1 - 34% - 35% - 16:18
2 - 32% - 35% - 15:12
3 - 27% - 30% - 13:00
4 - 7% - 0% - 3:36
Normal Defense
1 - 28% - 32% - 13:35
2 - 36% - 32% - 17:21
3 - 25% - 20% - 11:54
4 - 11% - 16% - 5:16
PP Forward
1 - 61% - 60% - 3:38
2 - 39% - 40% - 2:19
PP Defense
1 - 48% - 60% - 2:51
2 - 52% - 40% - 3:06
PK Forward
1 - 69% - 60% - 4:08
2 - 31% - 40% - 1:49
PK Defense
1 - 45% - 60% - 2:41
2 - 55% - 40% - 3:16
PK3 Forward
1 - 0% - 60%
2 - 0% - 40%
PK3 Defense
1 - 0% - 60%
2 - 0% - 40%
44 Forward
1 - 0% - 60%
2 - 0% - 40%
44 Defense
1 - 0% - 60%
2 - 0% - 40%
Last Minute Offensive  - 0:00
Last Minute Defensive  - 0:00
Total
Forward - 60:00
Defense - 60:00

% Time on Ice - Maple Leafs

Lines # - Real PCT - Wanted PCT - Time Play
Normal Forward
1 - 30% - 29% - 14:24
2 - 30% - 29% - 14:22
3 - 26% - 26% - 12:44
4 - 14% - 16% - 6:36
Normal Defense
1 - 33% - 34% - 15:50
2 - 32% - 33% - 15:35
3 - 33% - 33% - 15:59
4 - 1% - 0% - 0:42
PP Forward
1 - 47% - 50% - 2:49
2 - 53% - 50% - 3:08
PP Defense
1 - 53% - 50% - 3:08
2 - 47% - 50% - 2:49
PK Forward
1 - 60% - 60% - 3:34
2 - 40% - 40% - 2:23
PK Defense
1 - 65% - 50% - 3:53
2 - 35% - 50% - 2:04
PK3 Forward
1 - 0% - 60%
2 - 0% - 40%
PK3 Defense
1 - 0% - 60%
2 - 0% - 40%
44 Forward
1 - 0% - 60%
2 - 0% - 40%
44 Defense
1 - 0% - 50%
2 - 0% - 50%
Last Minute Offensive  - 0:00
Last Minute Defensive  - 0:00
Total
Forward - 60:00
Defense - 60:00

Play by Play

1st period


0:01 of 1st period - Ville Leino wins face-off versus Ryan O'Reilly in neutral zone.
0:28 of 1st period - Shot by Tom Walsh.
0:28 of 1st period - Stopped by Brian Eklund without a rebound.
0:29 of 1st period - Matt Ellison wins face-off versus Nazem Kadri in Golden Knights zone.
1:09 of 1st period - Icing by Barret Jackman.
1:10 of 1st period - Vincent Trocheck wins face-off versus Matt Ellison in Golden Knights zone.
1:19 of 1st period - Shot by Viktor Tikhonov.
1:19 of 1st period - Shot Blocked by Roman Josi.
1:46 of 1st period - Shot by Vincent Trocheck.
1:46 of 1st period - Stopped by Brian Eklund without a rebound.
1:47 of 1st period - Zach Dalpe wins face-off versus Ville Leino in Golden Knights zone.
3:07 of 1st period - Shot by Michael Grabner.
3:07 of 1st period - Deflect By Ryan O'Reilly.
3:07 of 1st period - Stopped by Brian Eklund with a rebound.
4:06 of 1st period - Minor Penalty to Matt Carle for Hooking.
4:07 of 1st period - Pierre-Marc Bouchard wins face-off versus Ryan Russell in Golden Knights zone.
4:07 of 1st period - Pierre-Marc Bouchard is hit by Josh Gorges.
4:30 of 1st period - Brandon Rogers is hit by Zdeno Chara.
6:03 of 1st period - Shot by Kevin Bieksa.
6:03 of 1st period - Stopped by Brian Eklund with a rebound.
6:44 of 1st period - Icing by Jay Harrison.
6:45 of 1st period - Vincent Trocheck wins face-off versus Dennis Everberg in Golden Knights zone.
6:50 of 1st period - Shot by Pierre-Marc Bouchard.
6:50 of 1st period - Stopped by Brian Eklund without a rebound.
6:51 of 1st period - Matt Ellison wins face-off versus Nazem Kadri in Golden Knights zone.
7:10 of 1st period - Shot by Viktor Tikhonov.
7:10 of 1st period - Stopped by Corey Crawford without a rebound.
7:11 of 1st period - Vincent Trocheck wins face-off versus Ryan Russell in Maple Leafs zone.
7:47 of 1st period - Vincent Trocheck is hit by Barret Jackman and loses puck.
7:54 of 1st period - Shot by Pierre-Marc Bouchard.
7:54 of 1st period - Stopped by Brian Eklund with a rebound.
8:30 of 1st period - Shot by Ryan O'Reilly.
8:30 of 1st period - Shot Misses the Net.
8:32 of 1st period - Shot by Michael Del Zotto.
8:32 of 1st period - Stopped by Brian Eklund without a rebound.
8:33 of 1st period - Nazem Kadri wins face-off versus Ville Leino in Golden Knights zone.
8:37 of 1st period - Minor Penalty to Shawn Weller for Slashing.
8:38 of 1st period - Nazem Kadri wins face-off versus Ville Leino in Maple Leafs zone.
9:03 of 1st period - Jay Harrison is hit by Michael Del Zotto and loses puck.
9:40 of 1st period - Shot by Matt Ellison.
9:40 of 1st period - Stopped by Corey Crawford without a rebound.
9:41 of 1st period - Nazem Kadri wins face-off versus Matt Ellison in Maple Leafs zone.
9:41 of 1st period - Michael Del Zotto is hit by Viktor Tikhonov and loses puck.
9:56 of 1st period - Shot by Zdeno Chara.
9:56 of 1st period - Shot Misses the Net.
9:58 of 1st period - Shot by Matt Ellison.
9:58 of 1st period - Shot Misses the Net.
10:00 of 1st period - Shot by Matt Ellison.
10:00 of 1st period - Stopped by Corey Crawford without a rebound.
10:01 of 1st period - Ville Leino wins face-off versus Nazem Kadri in Maple Leafs zone.
10:39 of 1st period - Zach Dalpe is hit by Linus Omark and loses puck.
11:04 of 1st period - Shot by Ryan Russell.
11:04 of 1st period - Shot Misses the Net.
11:11 of 1st period - Icing by Barret Jackman.
11:12 of 1st period - Ryan Russell wins face-off versus Vincent Trocheck in Golden Knights zone.
11:24 of 1st period - Brandon Rogers is hit by Ryan Russell.
11:31 of 1st period - Pierre-Marc Bouchard is hit by Barret Jackman and loses puck.
12:57 of 1st period - Tanner Pearson is hit by Jay Harrison and loses puck.
13:00 of 1st period - Shot by Nazem Kadri.
13:00 of 1st period - Stopped by Brian Eklund without a rebound.
13:01 of 1st period - Ryan O'Reilly wins face-off versus Dennis Everberg in Golden Knights zone.
13:14 of 1st period - Shot by Michael Grabner.
13:14 of 1st period - Stopped by Brian Eklund without a rebound.
13:15 of 1st period - Zach Dalpe wins face-off versus Ville Leino in Golden Knights zone.
13:42 of 1st period - Shot by Ville Leino.
13:42 of 1st period - Shot Misses the Net.
13:44 of 1st period - Shot by Ville Leino.
13:44 of 1st period - Shot Misses the Net.
13:46 of 1st period - Shot by Josh Gorges.
13:46 of 1st period - Stopped by Corey Crawford without a rebound.
13:47 of 1st period - Nazem Kadri wins face-off versus Matt Ellison in Maple Leafs zone.
13:47 of 1st period - Nazem Kadri is hit by Viktor Tikhonov.
14:00 of 1st period - Shot by Matt Ellison.
14:00 of 1st period - Shot Blocked by Tom Walsh.
14:02 of 1st period - Shot by Kyle Beach.
14:02 of 1st period - Stopped by Corey Crawford without a rebound.
14:03 of 1st period - Ryan O'Reilly wins face-off versus Ryan Russell in Maple Leafs zone.
14:15 of 1st period - Off-side.
14:16 of 1st period - Ville Leino wins face-off versus Nazem Kadri in neutral zone.
14:25 of 1st period - Shot by Ville Leino.
14:25 of 1st period - Stopped by Corey Crawford without a rebound.
14:26 of 1st period - Ryan O'Reilly wins face-off versus Matt Ellison in Maple Leafs zone.
14:28 of 1st period - Icing by Riley Armstrong.
14:29 of 1st period - Michael Grabner wins face-off versus Ville Leino in Maple Leafs zone.
14:31 of 1st period - Roman Josi is hit by Joffrey Lupul.
14:37 of 1st period - Shot by Riley Armstrong.
14:37 of 1st period - Deflect By Michael Grabner.
14:37 of 1st period - Shot Misses the Net.
14:47 of 1st period - Shot by Michael Grabner.
14:47 of 1st period - Stopped by Brian Eklund without a rebound.
14:48 of 1st period - Nazem Kadri wins face-off versus Matt Ellison in Golden Knights zone.
14:55 of 1st period - Shot by Shawn Weller.
14:55 of 1st period - Stopped by Brian Eklund with a rebound.
15:04 of 1st period - Viktor Tikhonov is hit by Kevin Bieksa and loses puck.
15:10 of 1st period - Viktor Tikhonov is hit by Kevin Bieksa and loses puck.
15:25 of 1st period - Shot by Tanner Pearson.
15:25 of 1st period - Shot Blocked by Mike Weaver.
15:30 of 1st period - Viktor Tikhonov is hit by Kevin Bieksa.
15:31 of 1st period - Minor Penalty to Kevin Bieksa for High sticking.
15:32 of 1st period - Ville Leino wins face-off versus Ryan O'Reilly in Maple Leafs zone.
15:32 of 1st period - Ville Leino is hit by Roman Josi.
16:13 of 1st period - Shot by Joffrey Lupul.
16:13 of 1st period - Shot Misses the Net.
16:54 of 1st period - Shot by Josh Gorges.
16:54 of 1st period - Shot Misses the Net.
17:12 of 1st period - Oleg Kvasha is hit by Joffrey Lupul and loses puck.
17:24 of 1st period - Off-side.
17:25 of 1st period - Michael Grabner wins face-off versus Matt Ellison in neutral zone.
17:46 of 1st period - Shot by Vincent Trocheck.
17:46 of 1st period - Shot Misses the Net.
17:48 of 1st period - Shot by William Nylander.
17:48 of 1st period - Shot Misses the Net.
17:50 of 1st period - Shot by Tom Walsh.
17:50 of 1st period - Shot Misses the Net.
18:00 of 1st period - Shot by Pierre-Marc Bouchard.
18:00 of 1st period - Shot Blocked by Jay Harrison.
18:02 of 1st period - Shot by Vincent Trocheck.
18:02 of 1st period - Stopped by Brian Eklund with a rebound.
18:04 of 1st period - Shot by Kevin Bieksa.
18:04 of 1st period - Stopped by Brian Eklund without a rebound.
18:05 of 1st period - Ryan O'Reilly wins face-off versus Dennis Everberg in Golden Knights zone.
18:08 of 1st period - Shot by Michael Grabner.
18:08 of 1st period - Deflect By Ryan O'Reilly.
18:08 of 1st period - Stopped by Brian Eklund with a rebound.
18:43 of 1st period - Minor Penalty to Zdeno Chara for High sticking.
18:44 of 1st period - Pierre-Marc Bouchard wins face-off versus Ryan Russell in Golden Knights zone.
19:11 of 1st period - Shot by Ryan Russell.
19:11 of 1st period - Stopped by Corey Crawford without a rebound.
19:12 of 1st period - Ryan O'Reilly wins face-off versus Niklas Hagman in Maple Leafs zone.
19:40 of 1st period - Icing by Brandon Rogers.
19:41 of 1st period - Ryan O'Reilly wins face-off versus Ryan Russell in Maple Leafs zone.
Goals for this period are 0 for Golden Knights vs 0 for Maple Leafs.
Shots for this period are 7 for Golden Knights vs 14 for Maple Leafs.

2nd period


0:01 of 2nd period - Ryan O'Reilly wins face-off versus Ryan Russell in neutral zone.
0:36 of 2nd period - Mike Weaver is hit by Brandon Yip and loses puck.
0:43 of 2nd period - Shot by Michael Grabner.
0:43 of 2nd period - Shot Misses the Net.
0:54 of 2nd period - Shot by Josh Gorges.
0:54 of 2nd period - Stopped by Corey Crawford without a rebound.
0:55 of 2nd period - Vincent Trocheck wins face-off versus Matt Ellison in Maple Leafs zone.
0:55 of 2nd period - William Nylander is hit by Viktor Tikhonov and loses puck.
1:22 of 2nd period - Shot by Pierre-Marc Bouchard.
1:22 of 2nd period - Stopped by Brian Eklund without a rebound.
1:23 of 2nd period - Nazem Kadri wins face-off versus Ville Leino in Golden Knights zone.
1:26 of 2nd period - Shot by Shawn Weller.
1:26 of 2nd period - Shot Misses the Net.
1:28 of 2nd period - Shot by Tanner Pearson.
1:28 of 2nd period - Stopped by Brian Eklund without a rebound.
1:29 of 2nd period - Ville Leino wins face-off versus Shawn Weller in Golden Knights zone.
2:38 of 2nd period - Icing by Brandon Rogers.
2:39 of 2nd period - Nazem Kadri wins face-off versus Ryan Russell in Maple Leafs zone.
2:39 of 2nd period - Nazem Kadri is hit by Jay Harrison.
3:03 of 2nd period - Ryan Russell is hit by Ryan O'Reilly.
3:12 of 2nd period - Shot by Riley Armstrong.
3:12 of 2nd period - Stopped by Brian Eklund without a rebound.
3:13 of 2nd period - Vincent Trocheck wins face-off versus Matt Ellison in Golden Knights zone.
3:38 of 2nd period - Shot by William Nylander.
3:38 of 2nd period - Stopped by Brian Eklund without a rebound.
3:39 of 2nd period - Ryan O'Reilly wins face-off versus Ville Leino in Golden Knights zone.
3:45 of 2nd period - Ryan O'Reilly is hit by Zdeno Chara and loses puck.
4:04 of 2nd period - Shot by Niklas Hagman.
4:04 of 2nd period - Shot Misses the Net.
5:34 of 2nd period - Minor Penalty to Matt Carle for Hooking.
5:35 of 2nd period - Ryan Russell wins face-off versus Pierre-Marc Bouchard in Golden Knights zone.
6:48 of 2nd period - Off-side.
6:49 of 2nd period - Niklas Hagman wins face-off versus Pierre-Marc Bouchard in neutral zone.
7:00 of 2nd period - Shot by Roman Josi.
7:00 of 2nd period - Stopped by Brian Eklund without a rebound.
7:01 of 2nd period - Pierre-Marc Bouchard wins face-off versus Ryan Russell in Golden Knights zone.
7:28 of 2nd period - Shot by Kevin Bieksa.
7:28 of 2nd period - Shot Blocked by Zdeno Chara.
7:50 of 2nd period - Dennis Everberg is hit by Zach Dalpe and loses puck.
8:06 of 2nd period - Icing by Matt Carle.
8:07 of 2nd period - Pierre-Marc Bouchard wins face-off versus Dennis Everberg in Golden Knights zone.
8:57 of 2nd period - Icing by Ville Leino.
8:58 of 2nd period - Brandon Yip wins face-off versus Ville Leino in Golden Knights zone.
9:14 of 2nd period - Off-side.
9:15 of 2nd period - Nazem Kadri wins face-off versus Matt Ellison in neutral zone.
9:26 of 2nd period - Tanner Pearson is hit by Viktor Tikhonov and loses puck.
10:20 of 2nd period - Zdeno Chara is hit by Kevin Bieksa and loses puck.
10:21 of 2nd period - Minor Penalty to Kevin Bieksa for Slashing.
10:22 of 2nd period - Ryan O'Reilly wins face-off versus Ville Leino in Maple Leafs zone.
10:46 of 2nd period - Icing by Joffrey Lupul.
10:47 of 2nd period - Ville Leino wins face-off versus Nazem Kadri in Golden Knights zone.
11:28 of 2nd period - Shot by Viktor Tikhonov.
11:28 of 2nd period - Shot Misses the Net.
11:41 of 2nd period - Icing by Jay Harrison.
11:42 of 2nd period - Kyle Beach wins face-off versus Shawn Weller in Golden Knights zone.
11:46 of 2nd period - Icing by Jay Harrison.
11:47 of 2nd period - Matt Ellison wins face-off versus Nazem Kadri in Golden Knights zone.
11:47 of 2nd period - Viktor Tikhonov is hit by Shawn Weller and loses puck.
12:24 of 2nd period - Shot by Linus Omark.
12:24 of 2nd period - Shot Blocked by William Nylander.
12:30 of 2nd period - Shot by Linus Omark.
12:30 of 2nd period - Shot Misses the Net.
12:32 of 2nd period - Shot by Ryan Russell.
12:32 of 2nd period - Stopped by Corey Crawford without a rebound.
12:33 of 2nd period - Riley Armstrong wins face-off versus Ville Leino in Maple Leafs zone.
12:33 of 2nd period - Riley Armstrong is hit by Joffrey Lupul.
12:40 of 2nd period - Icing by Kevin Bieksa.
12:41 of 2nd period - Ryan O'Reilly wins face-off versus Ville Leino in Maple Leafs zone.
12:53 of 2nd period - Matt Carle is hit by Riley Armstrong and loses puck.
13:10 of 2nd period - Shot by Ryan O'Reilly.
13:10 of 2nd period - Shot Misses the Net.
13:12 of 2nd period - Shot by Michael Grabner.
13:12 of 2nd period - Deflect By Ryan O'Reilly.
13:12 of 2nd period - Stopped by Brian Eklund without a rebound.
13:13 of 2nd period - Vincent Trocheck wins face-off versus Matt Ellison in Golden Knights zone.
13:36 of 2nd period - Shot by Pierre-Marc Bouchard.
13:36 of 2nd period - Shot Blocked by Josh Gorges.
13:51 of 2nd period - Shot by William Nylander.
13:51 of 2nd period - Stopped by Brian Eklund without a rebound.
13:52 of 2nd period - Nazem Kadri wins face-off versus Ville Leino in Golden Knights zone.
14:23 of 2nd period - Icing by Joffrey Lupul.
14:24 of 2nd period - Ryan O'Reilly wins face-off versus Ville Leino in Golden Knights zone.
14:25 of 2nd period - Shot by Tom Walsh.
14:25 of 2nd period - Stopped by Brian Eklund without a rebound.
14:26 of 2nd period - Ryan O'Reilly wins face-off versus Ryan Russell in Golden Knights zone.
14:26 of 2nd period - Ryan O'Reilly is hit by Zdeno Chara.
14:30 of 2nd period - Shot by Riley Armstrong.
14:30 of 2nd period - Shot Blocked by Josh Gorges.
14:33 of 2nd period - Icing by Zdeno Chara.
14:34 of 2nd period - Vincent Trocheck wins face-off versus Ryan Russell in Golden Knights zone.
14:47 of 2nd period - Shot by Ryan Russell.
14:47 of 2nd period - Shot Misses the Net.
15:05 of 2nd period - Shot by Zdeno Chara.
15:05 of 2nd period - Stopped by Corey Crawford without a rebound.
15:06 of 2nd period - Nazem Kadri wins face-off versus Joffrey Lupul in Maple Leafs zone.
15:15 of 2nd period - Shot by Tanner Pearson.
15:15 of 2nd period - Shot Misses the Net.
15:17 of 2nd period - Shot by Brandon Rogers.
15:17 of 2nd period - Shot Misses the Net.
15:27 of 2nd period - Tanner Pearson is hit by Joffrey Lupul and loses puck.
16:01 of 2nd period - Shot by Michael Grabner.
16:01 of 2nd period - Shot Misses the Net.
16:03 of 2nd period - Shot by Michael Grabner.
16:03 of 2nd period - Shot Misses the Net.
16:05 of 2nd period - Shot by Ryan O'Reilly.
16:05 of 2nd period - Stopped by Brian Eklund without a rebound.
16:06 of 2nd period - Vincent Trocheck wins face-off versus Matt Ellison in Golden Knights zone.
16:18 of 2nd period - Off-side.
16:19 of 2nd period - Ryan O'Reilly wins face-off versus Ryan Russell in neutral zone.
16:19 of 2nd period - Michael Del Zotto is hit by Jay Harrison and loses puck.
16:25 of 2nd period - Linus Omark is hit by Michael Del Zotto and loses puck.
16:32 of 2nd period - Shot by Linus Omark.
16:32 of 2nd period - Stopped by Corey Crawford without a rebound.
16:33 of 2nd period - Vincent Trocheck wins face-off versus Matt Ellison in Maple Leafs zone.
17:31 of 2nd period - Icing by Ville Leino.
17:32 of 2nd period - Ville Leino wins face-off versus Michael Grabner in Golden Knights zone.
18:18 of 2nd period - Niklas Hagman is hit by Riley Armstrong and loses puck.
18:29 of 2nd period - Shot by Nazem Kadri.
18:29 of 2nd period - Stopped by Brian Eklund without a rebound.
18:30 of 2nd period - David Perron wins face-off versus Nazem Kadri in Golden Knights zone.
18:30 of 2nd period - Ryan Russell is hit by Shawn Weller and loses puck.
19:04 of 2nd period - Icing by Zdeno Chara.
19:05 of 2nd period - Zach Dalpe wins face-off versus Ryan Russell in Golden Knights zone.
19:11 of 2nd period - Zdeno Chara is hit by Zach Dalpe and loses puck.
19:18 of 2nd period - Shot by Ryan Russell.
19:18 of 2nd period - Shot Blocked by Kevin Bieksa.
19:20 of 2nd period - Shot by Linus Omark.
19:20 of 2nd period - Shot Misses the Net.
19:22 of 2nd period - Shot by Zdeno Chara.
19:22 of 2nd period - Shot Misses the Net.
19:36 of 2nd period - Icing by Zdeno Chara.
19:37 of 2nd period - Ryan Russell wins face-off versus Ryan O'Reilly in Golden Knights zone.
19:37 of 2nd period - Ryan Russell is hit by Ryan O'Reilly.
Goals for this period are 0 for Golden Knights vs 0 for Maple Leafs.
Shots for this period are 4 for Golden Knights vs 10 for Maple Leafs.

3rd period


0:01 of 3rd period - Matt Ellison wins face-off versus Nazem Kadri in neutral zone.
0:03 of 3rd period - Kyle Beach is hit by Michael Del Zotto and loses puck.
0:38 of 3rd period - Shot by Shawn Weller.
0:38 of 3rd period - Deflect By Nazem Kadri.
0:38 of 3rd period - Stopped by Brian Eklund without a rebound.
0:39 of 3rd period - Niklas Hagman wins face-off versus Ryan O'Reilly in Golden Knights zone.
0:50 of 3rd period - Shot by Michael Grabner.
0:50 of 3rd period - Shot Misses the Net.
1:21 of 3rd period - Icing by Barret Jackman.
1:22 of 3rd period - Ville Leino wins face-off versus Vincent Trocheck in Golden Knights zone.
1:49 of 3rd period - Shot by Matt Ellison.
1:49 of 3rd period - Shot Misses the Net.
1:57 of 3rd period - Shot by Viktor Tikhonov.
1:57 of 3rd period - Shot Misses the Net.
1:59 of 3rd period - Shot by Josh Gorges.
1:59 of 3rd period - Shot Misses the Net.
2:01 of 3rd period - Shot by Josh Gorges.
2:01 of 3rd period - Shot Blocked by Roman Josi.
2:03 of 3rd period - Shot by Zdeno Chara.
2:03 of 3rd period - Shot Blocked by Roman Josi.
2:05 of 3rd period - Shot by Kyle Beach.
2:05 of 3rd period - Stopped by Corey Crawford without a rebound.
2:06 of 3rd period - Nazem Kadri wins face-off versus Ryan Russell in Maple Leafs zone.
2:31 of 3rd period - Michael Del Zotto is hit by Jay Harrison.
2:39 of 3rd period - Shot by Michael Del Zotto.
2:39 of 3rd period - Stopped by Brian Eklund without a rebound.
2:40 of 3rd period - Ryan O'Reilly wins face-off versus Matt Ellison in Golden Knights zone.
3:02 of 3rd period - Off-side.
3:03 of 3rd period - Ville Leino wins face-off versus Pierre-Marc Bouchard in neutral zone.
3:05 of 3rd period - Off-side.
3:06 of 3rd period - Nazem Kadri wins face-off versus Ville Leino in neutral zone.
3:25 of 3rd period - Shot by Nazem Kadri.
3:25 of 3rd period - Stopped by Brian Eklund without a rebound.
3:26 of 3rd period - Matt Ellison wins face-off versus Vincent Trocheck in Golden Knights zone.
3:43 of 3rd period - Kyle Beach is hit by Brandon Rogers and loses puck.
4:02 of 3rd period - Shot by Kyle Beach.
4:02 of 3rd period - Stopped by Corey Crawford without a rebound.
4:03 of 3rd period - Ryan O'Reilly wins face-off versus Ryan Russell in Maple Leafs zone.
5:35 of 3rd period - Shot by Tanner Pearson.
5:35 of 3rd period - Stopped by Brian Eklund without a rebound.
5:36 of 3rd period - Matt Ellison wins face-off versus Zach Dalpe in Golden Knights zone.
6:18 of 3rd period - Shot by Matt Ellison.
6:18 of 3rd period - Deflect By Viktor Tikhonov.
6:18 of 3rd period - Stopped by Corey Crawford without a rebound.
6:19 of 3rd period - Niklas Hagman wins face-off versus Vincent Trocheck in Maple Leafs zone.
6:53 of 3rd period - Icing by Josh Gorges.
6:54 of 3rd period - Ville Leino wins face-off versus Ryan O'Reilly in Golden Knights zone.
7:32 of 3rd period - Michael Grabner is hit by Joffrey Lupul and loses puck.
8:09 of 3rd period - Barret Jackman is hit by Shawn Weller and loses puck.
8:16 of 3rd period - Nazem Kadri is hit by Viktor Tikhonov and loses puck.
9:17 of 3rd period - Shot by Ryan Russell.
9:17 of 3rd period - Stopped by Corey Crawford without a rebound.
9:18 of 3rd period - Dennis Everberg wins face-off versus Zach Dalpe in Maple Leafs zone.
9:37 of 3rd period - Brandon Yip is hit by Dennis Everberg and loses puck.
9:56 of 3rd period - Shot by Brandon Yip.
9:56 of 3rd period - Stopped by Brian Eklund with a rebound.
9:58 of 3rd period - Shot by Michael Del Zotto.
9:58 of 3rd period - Shot Blocked by Mike Weaver.
10:23 of 3rd period - Ryan O'Reilly is hit by Zdeno Chara and loses puck.
10:46 of 3rd period - Shot by Linus Omark.
10:46 of 3rd period - Shot Blocked by Roman Josi.
10:48 of 3rd period - Shot by Josh Gorges.
10:48 of 3rd period - Shot Misses the Net.
11:05 of 3rd period - Icing by Matt Carle.
11:06 of 3rd period - Matt Ellison wins face-off versus Nazem Kadri in Golden Knights zone.
11:23 of 3rd period - Shot by Shawn Weller.
11:23 of 3rd period - Stopped by Brian Eklund without a rebound.
11:24 of 3rd period - Vincent Trocheck wins face-off versus Ville Leino in Golden Knights zone.
11:27 of 3rd period - Shot by Pierre-Marc Bouchard.
11:27 of 3rd period - Shot Misses the Net.
12:41 of 3rd period - Shot by Josh Gorges.
12:41 of 3rd period - Shot Misses the Net.
12:43 of 3rd period - Shot by Zdeno Chara.
12:43 of 3rd period - Shot Misses the Net.
13:12 of 3rd period - Icing by Linus Omark.
13:13 of 3rd period - Ryan O'Reilly wins face-off versus Ryan Russell in Golden Knights zone.
13:43 of 3rd period - Icing by Brandon Rogers.
13:44 of 3rd period - Ryan O'Reilly wins face-off versus Ville Leino in Maple Leafs zone.
13:44 of 3rd period - Ryan O'Reilly is hit by Joffrey Lupul.
14:23 of 3rd period - Shot by Barret Jackman.
14:23 of 3rd period - Shot Blocked by Brandon Rogers.
14:52 of 3rd period - Viktor Tikhonov is hit by Michael Del Zotto and loses puck.
14:56 of 3rd period - Matt Ellison is hit by Chris Phillips and loses puck.
15:45 of 3rd period - Shot by Linus Omark.
15:45 of 3rd period - Shot Misses the Net.
15:47 of 3rd period - Shot by Zdeno Chara.
15:47 of 3rd period - Shot Misses the Net.
16:35 of 3rd period - Icing by Kevin Bieksa.
16:36 of 3rd period - Ville Leino wins face-off versus Tanner Pearson in Maple Leafs zone.
17:26 of 3rd period - Icing by Brandon Rogers.
17:27 of 3rd period - Matt Ellison wins face-off versus Oleg Kvasha in Maple Leafs zone.
17:27 of 3rd period - Matt Ellison is hit by Brandon Rogers.
17:58 of 3rd period - Kyle Beach is hit by Brandon Rogers.
18:50 of 3rd period - Shot by Riley Armstrong.
18:50 of 3rd period - Shot Misses the Net.
18:52 of 3rd period - Shot by Michael Del Zotto.
18:52 of 3rd period - Shot Blocked by Josh Gorges.
18:54 of 3rd period - Shot by Ryan O'Reilly.
18:54 of 3rd period - Stopped by Brian Eklund without a rebound.
18:55 of 3rd period - Ville Leino wins face-off versus Nazem Kadri in Golden Knights zone.
19:00 of 3rd period - Mike Weaver is hit by Shawn Weller.
19:42 of 3rd period - Shot by Vincent Trocheck.
19:42 of 3rd period - Shot Misses the Net.
19:44 of 3rd period - Shot by Chris Phillips.
19:44 of 3rd period - Stopped by Brian Eklund with a rebound.
19:46 of 3rd period - Shot by Pierre-Marc Bouchard.
19:46 of 3rd period - Shot Misses the Net.
19:48 of 3rd period - Shot by Chris Phillips.
19:48 of 3rd period - Shot Blocked by Jay Harrison.
19:50 of 3rd period - Shot by Michael Del Zotto.
19:50 of 3rd period - Shot Misses the Net.
19:54 of 3rd period - Shot by Pierre-Marc Bouchard.
19:54 of 3rd period - Deflect By Vincent Trocheck.
19:54 of 3rd period - Shot Misses the Net.
19:56 of 3rd period - Shot by Vincent Trocheck.
19:56 of 3rd period - Shot Blocked by Jay Harrison.
Goals for this period are 0 for Golden Knights vs 0 for Maple Leafs.
Shots for this period are 4 for Golden Knights vs 8 for Maple Leafs.

Overtime #1


0:01 of 1st overtime period - Ryan O'Reilly wins face-off versus Ville Leino in neutral zone.
0:06 of 1st overtime period - Shot by Ryan O'Reilly.
0:06 of 1st overtime period - Stopped by Brian Eklund without a rebound.
0:07 of 1st overtime period - Joffrey Lupul wins face-off versus Ryan O'Reilly in Golden Knights zone.
2:24 of 1st overtime period - Shot by Ryan Russell.
2:24 of 1st overtime period - Deflect By David Perron.
2:24 of 1st overtime period - Stopped by Corey Crawford without a rebound.
2:25 of 1st overtime period - Pierre-Marc Bouchard wins face-off versus Joffrey Lupul in Maple Leafs zone.
2:50 of 1st overtime period - Shot by Pierre-Marc Bouchard.
2:50 of 1st overtime period - Shot Misses the Net.
3:33 of 1st overtime period - Matt Ellison is hit by Roman Josi and loses puck.
3:46 of 1st overtime period - Shot by Ville Leino.
3:46 of 1st overtime period - Stopped by Corey Crawford without a rebound.
3:47 of 1st overtime period - Ryan O'Reilly wins face-off versus Ryan Russell in Maple Leafs zone.
4:27 of 1st overtime period - Icing by Matt Carle.
4:28 of 1st overtime period - Ryan Russell wins face-off versus Pierre-Marc Bouchard in Golden Knights zone.
4:53 of 1st overtime period - Shot by Riley Armstrong.
4:53 of 1st overtime period - Stopped by Brian Eklund without a rebound.
4:54 of 1st overtime period - Ryan O'Reilly wins face-off versus Ville Leino in Golden Knights zone.
Goals for this period are 0 for Golden Knights vs 0 for Maple Leafs.
Shots for this period are 2 for Golden Knights vs 2 for Maple Leafs.

ShootOut


5:00 of 1st overtime period - Penalty Shot by Niklas Hagman for Golden Knights.
5:00 of 1st overtime period - Stopped by Corey Crawford.
5:00 of 1st overtime period - Penalty Shot by Nazem Kadri for Maple Leafs.
5:00 of 1st overtime period - Goal by Nazem Kadri.
5:00 of 1st overtime period - Penalty Shot by Joffrey Lupul for Golden Knights.
5:00 of 1st overtime period - Stopped by Corey Crawford.
5:00 of 1st overtime period - Penalty Shot by Michael Grabner for Maple Leafs.
5:00 of 1st overtime period - Stopped by Brian Eklund.
5:00 of 1st overtime period - Penalty Shot by David Perron for Golden Knights.
5:00 of 1st overtime period - Goal by David Perron.
5:00 of 1st overtime period - Penalty Shot by Brandon Yip for Maple Leafs.
5:00 of 1st overtime period - Stopped by Brian Eklund.
5:00 of 1st overtime period - Penalty Shot by Ville Leino for Golden Knights.
5:00 of 1st overtime period - Stopped by Corey Crawford.
5:00 of 1st overtime period - Penalty Shot by Ryan O'Reilly for Maple Leafs.
5:00 of 1st overtime period - Goal by Ryan O'Reilly.